 Dungeon Crawl Stone Soup version 0.28-a0-194-g42b4daccc1 (webtiles) character file.

Game seed: 17874592517370530230

11 frimble the Skirmisher (level 2, 23/23 HPs)
             Began as a Merfolk Warper on Aug 18, 2021.
             Quit the game on level 1 of the Dungeon.
             The game lasted 00:00:26 (611 turns).

frimble the Skirmisher (Merfolk Warper)              Turns: 611, Time: 00:00:27

Health: 23/23      AC:  3    Str: 11    XL:     2   Next: 29%
Magic:  5/5        EV: 12    Int: 12    God:
Gold:   12         SH:  0    Dex: 13    Spells: 5/5 levels left

rFire   . . .      SeeInvis .   a - +0 falchion
rCold   . . .      Faith    .   (no shield)
rNeg    . . .      Spirit   .   b - +0 leather armour
rPois   .          Reflect  .   (no helmet)
rElec   .          Harm     .   (no cloak)
rCorr   .          Rampage  .   (no gloves)
Will    .....                   (no boots)
Stlth   +.........              (no amulet)
HPRegen 0.07/turn               (no ring)
MPRegen 0.09/turn               (no ring)

@: no status effects
A: (nimble swimmer 2), mertail
a: no special abilities


You were on level 1 of the Dungeon.
You visited 1 branch of the dungeon, and saw 1 of its levels.

You collected 12 gold pieces.

Inventory:

Hand Weapons
 a - a +0 falchion (weapon)
Missiles
 d - 5 boomerangs of dispersal (quivered)
Armour
 b - a +0 leather armour (worn)
Scrolls
 c - a scroll of blinking
 f - 2 scrolls of identify {unknown}
Potions
 e - a potion of haste {unknown}


   Skills:
 + Level 2.7 Fighting
 + Level 2.7 Long Blades
 - Level 1.0 Throwing
 - Level 0.6 Armour
 - Level 2.6 Dodging
 - Level 2.0 Spellcasting
 - Level 2.4 Translocations


You had 5 spell levels left.
You didn't know any spells.
Your spell library contained the following spells:

 Spells                   Type           Power      Damage    Failure   Level
 Blink                    Tloc           N/A        N/A       21%         2
 Gell's Gravitas          Tloc           3%         N/A       38%         3
 Lesser Beckoning         Tloc           3%         N/A       38%         3
 Teleport Other           Tloc           6%         N/A       38%         3
 Manifold Assault         Tloc           6%         N/A       98%         5


Dungeon Overview and Level Annotations

Branches:
Dungeon (1/15)

Altars:


Innate Abilities, Weirdness & Mutations

((You are quick and stealthy near water. (Stealth+, EV+, Speed+++)))
Your lower body shifts to a powerful aquatic tail in water.


Message History

A goblin is nearby!
A goblin is nearby!
A goblin is nearby!
A bat comes into view.
Found a stone staircase leading down.
You barely miss the goblin. The bat barely misses you.
You riposte.
You completely miss the bat. The goblin hits you but does no damage.
You hit the goblin.
The goblin is severely wounded.
The bat misses you. The bat closely misses you.
You riposte.
You closely miss the bat. The bat closely misses you.
The goblin hits you but does no damage. The goblin hits you with a +0 dagger.
You hit the goblin.
You kill the goblin!
The bat closely misses you.
You hit the bat.
The bat is heavily wounded.
The bat hits you but does no damage. x3
You hit the bat.
You kill the bat!
No target in view!
No target in view!
No target in view!
No target in view!
No target in view!
No target in view!
No target in view!
No target in view!
No target in view!
You see here a +0 dagger.
An endoplasm comes into view.
The endoplasm quivers.
Found 10 gold pieces.
An endoplasm is nearby!
An endoplasm is nearby!
An endoplasm is nearby!
Unknown command.
Unknown command.
Okay, then.
Are you sure you want to abandon this character and quit the game? (Confirm with "yes".)

... ####.J.
......
####....#
....... ..#.#
# #...# . #.
#@..#
##....## #.#
#.#..#
#......# #..#
#.# ...#
##......#
#..###.#
....#........
#.....#
..$#........
#....## ..
#......#
#.(...#### #.
#......#
#........#
#.. #....##
#....###..#
#..#....#.


You could see an endoplasm.

Vanquished Creatures
  A bat (D:1)
  3 endoplasms (D:1)
  A giant cockroach (D:1)
  2 goblins (D:1)
  A quokka (D:1)
  A rat (D:1)
9 creatures vanquished.

Notes
Turn   | Place    | Note
-------+----------+-------------------------------------------
     0 | D:1      | frimble the Merfolk Warper began the quest for the Orb.
     0 | D:1      | Reached XP level 1. HP: 16/16 MP: 3/3
   351 | D:1      | Reached XP level 2. HP: 7/23 MP: 5/5
   611 | D:1      | Quit the game

Illustrated notes

Levels and vault maps discovered:
D:1:      dpeg_arrival_pond, layout_rooms, dk_noncrumbling_2,
          minmay_misc_feat_iff, kennysheep_another_room, minmay_crystal_room,
          minmay_box_of_dots

Action                   || total
-------------------------++-------
Melee: Falchion          ||    27
Armor: Leather armour    ||    12
Dodge: Dodged            ||    22
       Rpst.: Falchion   ||     5

Table legend: (Time is in decaauts)
 A = Elapsed time spent in this place.
 B = Non-inter-level travel time spent in this place.
 C = Inter-level travel time spent in this place.
 D = Time resting spent in this place.
 E = Time spent auto-exploring this place.
 F = Levels seen in this place.
 G = Mean time per level.
                   A        B        C        D        E       F      G
               +--------+--------+--------+--------+--------+-----+--------+
         Total |    615 |    615 |      0 |      0 |    552 |   1 |  615.0 |
       Dungeon |    615 |    615 |      0 |      0 |    552 |   1 |  615.0 |
               +--------+--------+--------+--------+--------+-----+--------+

Top non-repeatable levels by time:
     D:1: 615 daAuts
